 Dungeon Crawl Stone Soup version 0.25.1-2-g60ff931df9 (webtiles) character file.

Game seed: 322011145315921466

157 Theorange11 the Digger (level 5, -2/43 HPs)
             Began as a Deep Dwarf Earth Elementalist on Nov 12, 2020.
             Was an Initiate of Gozag.
             Slain by an orc
             ... wielding a +0 hand axe
              (4 damage)
             ... on level 2 of the Dungeon.
             The game lasted 00:13:39 (2607 turns).

Theorange11 the Digger (DDEE)                       Turns: 2607, Time: 00:13:39

Health: -2/43      AC:  2    Str: 11    XL:     5   Next: 15%
Magic:  6/6        EV: 13    Int: 17    God:    Gozag
Gold:   226        SH:  0    Dex: 13    Spells: 9/10 levels left

rFire    . . .     SeeInvis .   e - +0 dagger
rCold    . . .     Gourm    .   (no shield)
rNeg     . . .     Faith    .   c - +0 robe
rPois    .         Spirit   .   (no helmet)
rElec    .         Reflect  .   (no cloak)
rCorr    .         Harm     .   (no gloves)
MR       .....                  (no boots)
Stlth    ++........             (no amulet)
HPRegen  0.00/turn              (no ring)
MPRegen  0.10/turn              (no ring)

@: non-regenerating
A: damage resistance, heal wounds, sense surroundings 1, no regeneration
a: Heal Wounds, Potion Petition, Call Merchant, Bribe Branch, Renounce Religion


You were on level 2 of the Dungeon.
You worshipped Gozag.
Gozag was aware of your devotion.
You were not hungry.

You visited 1 branch of the dungeon, and saw 3 of its levels.

You collected 250 gold pieces.
You paid 24 gold pieces to Gozag.

Inventory:

Hand Weapons
 a - a +0 hand axe
 b - a +0 hand axe
 e - a +0 dagger (weapon)
 f - a +0 club
 j - a +0 dagger
 l - a +0 dagger
 m - a +0 club
Armour
 c - a +0 robe (worn)
Wands
 i - a wand of random effects (4)
Scrolls
 h - a scroll of identify
 k - a scroll of remove curse
Potions
 g - 2 potions of might
Comestibles
 d - a ration


   Skills:
 + Level 0.5 Fighting
 + Level 0.4 Short Blades
 + Level 3.0 Dodging
 + Level 2.9 Stealth
 + Level 3.2 Spellcasting
   Level 0.8 Transmutations
 + Level 5.3 Earth Magic
 + Level 0.1 Evocations


You had 9 spell levels left.
You knew the following spells:

 Your Spells              Type           Power        Failure   Level  Hunger
a - Sandblast             Erth           ###...       1%          1    None

Your spell library contained the following spells:

 Spells                   Type           Power        Failure   Level  Hunger
 Passwall                 Tmut/Erth      ##......     8%          2    ##.....
 Stone Arrow              Conj/Erth      ##....       17%         3    ###....
 Petrify                  Tmut/Erth      ##......     43%         4    ####...
 Lee's Rapid Deconstruct  Erth           ###.......   47%         5    ######.


Dungeon Overview and Level Annotations

Branches:
Dungeon (3/15)

Altars:
Fedhas
Gozag
Hepliaklqana
Nemelex Xobeh
Xom
Yredelemnul


Innate Abilities, Weirdness & Mutations

You are resistant to damage.
You can heal yourself by infusing magical energy.
You passively map a small area around you.
You do not regenerate.


Message History

* * * LOW HITPOINT WARNING * * *
There is a stone staircase leading up here.
The hound bites you.
* * * LOW HITPOINT WARNING * * *
Something hits you.
You climb upwards.
Reactivating autopickup.
Found 2 orange potions.
There is a stone staircase leading down here.
Aiming: Random Effects
Press: ? - help, Shift-Dir - straight line, f - hound
Aim: a hound (moderately wounded, slow)
The hound flickers and vanishes!
Deactivating autopickup; reactivate with Ctrl-A.
Something barely misses you. Something hits you.
* * * LOW HITPOINT WARNING * * *
Something hits you. Something hits you.
You die...
Your body crumbles into a pile of gold.

, , , .# *.#* . #.# *
, , , *.##.. * ,,
..#.#* , . , #...* * ,
... #..## #..###...# *
, #.....@..###..# ,
#.###.......!# ** #.#
#.#>#...## *
#..##.......#####.# *
#.#...##.........#
#...#.##.........#####
###......###..........
#####.....####
#..........
###.....#.#.###
#..........


There were no monsters in sight!

Vanquished Creatures
  Natasha (thrice) (D:2)
  3 adders
  An ooze (D:1)
  An adder skeleton (D:3)
  A worm (D:2)
  A leopard gecko (D:2)
  5 orcs (D:3)
  3 giant cockroaches
  7 goblins
  3 hobgoblins
  4 jackals (D:3)
  A quokka (D:3)
  4 bats
  3 kobolds
  A rat (D:3)
41 creatures vanquished.

Notes
Turn   | Place    | Note
-------+----------+-------------------------------------------
     0 | D:1      | Theorange11 the Deep Dwarf Earth Elementalist began the
                  | quest for the Orb.
     0 | D:1      | Reached XP level 1. HP: 15/15 MP: 3/3
    80 | D:1      | Reached XP level 2. HP: 22/22 MP: 2/4
   964 | D:2      | Found an opulent altar of Gozag.
   964 | D:2      | Found a blossoming altar of Fedhas.
   965 | D:2      | Found a sparkling altar of Nemelex Xobeh.
  1017 | D:2      | Found a hazy altar of Hepliaklqana.
  1036 | D:2      | Became a worshipper of Gozag Ym Sagoz the Greedy
  1140 | D:2      | Found a basalt altar of Yredelemnul.
  1175 | D:2      | Noticed Natasha
  1181 | D:2      | Killed Natasha
  1181 | D:2      | Reached skill level 5 in Earth Magic
  1181 | D:2      | Reached XP level 3. HP: 28/28 MP: 1/5
  1183 | D:2      | Noticed Natasha
  1191 | D:2      | Killed Natasha
  1191 | D:2      | Reached XP level 4. HP: 28/36 MP: 0/7
  1220 | D:2      | Found a shimmering altar of Xom.
  1330 | D:2      | Noticed Natasha
  1336 | D:2      | Killed Natasha
  2477 | D:3      | Reached XP level 5. HP: 40/43 MP: 7/7
  2605 | D:2      | HP: 2/43 [something (5)]
  2607 | D:2      | Slain by an orc

Illustrated notes

Levels and vault maps discovered:
D:1:      mainiacjoe_arrival_reflecting_pool, layout_basic
D:2:      layout_rooms, xom_butterflies, nicolae_overflow_quartered_altars,
          lemuel_doored_altar, uniq_natasha
D:3:      minmay_wonky_spiral, layout_rooms, kennysheep_okawaru_gauntlet,
          nicolae_overflow_hidden_temple, cheibrodos_sewer_entry_bend,
          kennysheep_pointless_box, uniq_jessica

Skill      XL: |  1  2  3  4  5 |
---------------+----------------+-----
Spellcasting   | 2 3 |  3.2
Earth Magic    | 5 |  5.3
Dodging        | 3 |  3.0
Fighting       | |  0.5
Short Blades   | |  0.4
Stealth        | |  2.9
Transmutations | |  0.8
Evocations     | |  0.1

Action                   |  1- 3 |  4- 6 || total
-------------------------+-------+-------++-------
Melee: Dagger            |    36 |   119 ||   155
 Cast: Sandblast         |    21 |     9 ||    30
 Abil: Heal Wounds       |     1 |     4 ||     5
Evoke: Wand              |       |    11 ||    11
  Use: Scroll            |     5 |     2 ||     7
       Potion            |     1 |     2 ||     3
 Stab: Sleeping          |       |     1 ||     1
       Paralysed         |       |     1 ||     1
  Eat: Chunk             |     1 |       ||     1
       Ration            |       |     2 ||     2
Armor: Robe              |     5 |    14 ||    19
Dodge: Dodged            |    26 |   135 ||   161
